 Dungeon Crawl Stone Soup version 0.29.1-12-g30fa7ad0bf (webtiles) character file.

Game seed: 8097934401232745199

1395 ThaarZanell the Trooper (level 8, -3/96 HPs)
             Began as a Demonspawn Berserker on Dec 28, 2022.
             Was a Follower of Trog.
             Slain by a gnoll
             ... wielding a +0 club
             ... led by a gnoll bouda
              (8 damage)
             ... on level 6 of the Dungeon on Jan 2, 2023.
             The game lasted 00:18:24 (7260 turns).

ThaarZanell the Trooper (Demonspawn Berserker)      Turns: 7260, Time: 00:18:25

Health: -3/96      AC:  5    Str: 20    XL:     8   Next: 41%
Magic:  8/8        EV: 12    Int: 10    God:    Trog [*.....]
Gold:   407        SH:  0    Dex: 13    Spells: 6/7 levels left

rFire   . . .      SeeInvis .   a - +0 mace
rCold   . . .      Faith    .   (no shield)
rNeg    . . .      Spirit   .   d - +0 ring mail
rPois   +          Reflect  .   (no helmet)
rElec   .          Harm     .   (no cloak)
rCorr   .          Rampage  .   (no gloves)
Will    ++...                   (no boots)
Stlth   ..........              v - amulet of the acrobat
HPRegen 1.26/turn               h - ring of poison resistance
MPRegen 0.11/turn               n - +4 ring of slaying

@: berserking, strong-willed, regenerating, studying Stealth, very quick
A: claws 2, big brain 1
a: Renounce Religion, Berserk


You were on level 6 of the Dungeon.
You worshipped Trog.
Trog was aware of your devotion.
You visited 1 branch of the dungeon, and saw 6 of its levels.

You collected 407 gold pieces.

Inventory:

Hand Weapons
 a - a +0 mace (weapon)
Armour
 b - a +0 animal skin
 d - a +0 ring mail (worn)
 o - a +2 cloak
 u - a +0 tower shield
Jewellery
 h - a ring of poison resistance (left claw)
 m - a +4 ring of evasion
 n - a +4 ring of slaying (right claw)
 s - a ring of willpower
 v - an amulet of the acrobat (around neck)
Wands
 C - a wand of charming (7)
Scrolls
 c - a scroll of noise {unknown}
 f - 2 scrolls of enchant weapon
 g - 3 scrolls of identify
 i - a scroll of blinking {unknown}
 k - a scroll of enchant armour {unknown}
 l - a scroll of fear {unknown}
 p - 2 scrolls of magic mapping {unknown}
 r - a scroll of torment {unknown}
 w - 3 scrolls of fog {unknown}
 y - a scroll of vulnerability {unknown}
 z - a scroll of immolation {unknown}
Potions
 e - 3 potions of mutation
 j - 7 potions of curing
 q - a potion of attraction
 t - 2 potions of might
 x - 2 potions of lignification {unknown}
 A - a potion of experience {unknown}
 B - a potion of brilliance {unknown}


   Skills:
 * Level 6.2 Fighting
 * Level 5.5 Maces & Flails
 + Level 4.3 Armour
 + Level 4.4 Dodging
 + Level 2.4 Shields


You had 6 spell levels left.
You knew the following spells:

 Your Spells              Type           Power      Damage    Failure   Level
a - Necrotise             Necr           0%         1d4       52%         1

Your spell library contained the following spells:

 Spells                   Type           Power      Damage    Failure   Level
 Apportation              Tloc           0%         N/A       52%         1
 Summon Small Mammal      Summ           0%         N/A       52%         1
 Confusing Touch          Hex            0%         N/A       88%         3
 Yara's Violent Unravell  Hex/Tmut       0%         3d3       100%        5
 Enfeeble                 Hex            0%         N/A       100%        7


Dungeon Overview and Level Annotations

Branches:
Dungeon (6/15)
 Temple: D:4-7

Altars:
Qazlal
Trog
Vehumet


Innate Abilities, Weirdness & Mutations

You have very sharp fingernails.
You have an unusually large brain. (Int +2)


Message History

The gnoll hits you with a +0 flail! x2
* * * LOW HITPOINT WARNING * * *
The gnoll misses you.
You are too injured to fight recklessly!
You are too injured to fight recklessly!
You are too injured to fight recklessly!
There are monsters nearby!
You fail to use your ability.
The gnoll closely misses you.
Your skin crawls.
You feel strong-willed.
A gnoll comes into view. It is wielding a +0 club.
The gnoll barely misses you.
You fail to use your ability.
The gnoll shouts!
The gnoll hits you with a +0 flail.
* * * LOW HITPOINT WARNING * * *
You barely miss the gnoll. The gnoll hits you with a +0 flail.
* * * LOW HITPOINT WARNING * * *
The gnoll barely misses you.
You hit the gnoll.
The gnoll is moderately wounded.
The gnoll is no longer moving quickly. x2; The gnoll hits you with a +0 flail.
* * * LOW HITPOINT WARNING * * *
The gnoll hits you with a +0 club.
* * * LOW HITPOINT WARNING * * *
The gnoll barely misses you.
A red film seems to cover your vision as you go berserk!
You feel yourself moving faster!
You feel mighty!
You can no longer call upon Trog for regeneration and willpower.
The gnoll hits you but does no damage. The gnoll hits you with a +0 flail!
* * * LOW HITPOINT WARNING * * *
You thump the gnoll!
You kill the gnoll!
Trog accepts your kill. The gnoll barely misses you.
You sock the gnoll!
You kill the gnoll!
Trog accepts your kill.
You barely miss the gnoll. The gnoll hits you with a +0 club!
You die...

## .### ..# #.# #g#
#@# #.#)#####
#..)....#
#...###.############
#.### #.............
... #...##########
#.###.......# #.
#.##..#.# # ...##..


You could see a gnoll.

Vanquished Creatures
  2 black bears (D:5)
  2 ogres
  A phantom (D:5)
  A centaur (D:5)
  3 scorpions (D:5)
  A bullfrog (D:5)
  A necrophage (D:5)
  2 jellies
  An orc priest (D:5)
  Crazy Yiuf (D:3)
  3 hounds
  Jessica (D:3)
  2 gnoll boudas
  An iguana (D:6)
  2 orc wizards
  6 gnolls
  5 adders
  A white imp (D:6)
  An ufetubus (D:6)
  2 worms
  2 dart slugs
  10 orcs
  11 ball pythons
  9 endoplasms
  3 giant cockroaches
  12 goblins
  5 hobgoblins
  6 jackals
  9 kobolds
  5 quokkas
  7 bats
  4 frilled lizards
  4 rats
126 creatures vanquished.

Notes
Turn   | Place    | Note
-------+----------+-------------------------------------------
     0 | D:1      | ThaarZanell the Demonspawn Berserker began the quest for
                  | the Orb.
     0 | D:1      | Reached XP level 1. HP: 18/18 MP: 1/1
   260 | D:1      | Gained mutation: You have sharp fingernails. [demonic
                  | ancestry]
   260 | D:1      | Reached XP level 2. HP: 21/24 MP: 2/2
   269 | D:1      | Was placed under penance by Trog
   271 | D:1      | Learned a level 1 spell: Necrotise
   843 | D:1      | Gained mutation: You have very sharp fingernails. [demonic
                  | ancestry]
   843 | D:1      | Reached XP level 3. HP: 8/29 MP: 3/3
  1336 | D:1      | Found a faded altar of an unknown god.
  1461 | D:1      | Was forgiven by Trog
  1811 | D:2      | Reached XP level 4. HP: 30/35 MP: 4/4
  2843 | D:3      | Found a runed translucent door.
  2844 | D:3      | Noticed Crazy Yiuf
  3042 | D:3      | Reached ** piety under Trog
  3183 | D:3      | Noticed Jessica
  3193 | D:3      | Killed Jessica
  3580 | D:3      | Gained mutation: You have an unusually large brain. (Int
                  | +2) [demonic ancestry]
  3580 | D:3      | Reached XP level 5. HP: 31/42 MP: 5/5
  3747 | D:3      | Killed Crazy Yiuf
  3748 | D:3      | Reached skill level 4 in Fighting
  3812 | D:4      | Noticed an ogre
  3816 | D:4      | Killed an ogre
  4031 | D:4      | Reached XP level 6. HP: 46/48 MP: 6/6
  4394 | D:4      | Found a bloodstained altar of Trog.
  4957 | D:5      | Entered Level 5 of the Dungeon
  5398 | D:5      | Reached XP level 7. HP: 41/55 MP: 7/7
  5492 | D:5      | Reached skill level 5 in Fighting
  5492 | D:5      | Reached skill level 1 in Shields
  5920 | D:5      | Reached skill level 5 in Maces & Flails
  5925 | D:5      | Reached XP level 8. HP: 64/64 MP: 8/8
  6529 | D:5      | Reached skill level 6 in Fighting
  7124 | D:6      | Found a stormy altar of Qazlal.
  7125 | D:6      | Noticed an air elemental
  7173 | D:6      | Found a radiant altar of Vehumet.
  7257 | D:6      | HP: 2/96 [gnoll/+0 flail[a gnoll bouda] (7)]
  7260 | D:6      | Slain by a gnoll

Illustrated notes

Levels and vault maps discovered:
D:1:      lightli_arrival_maybe_door_vault, layout_loops_ring,
          shapermc_ecumenical_altar_mp_highgroup, minmay_vboxes
D:2:      layout_basic, chequers_serial_rivers_micro_e
D:3:      layout_basic, uniq_jessica, uniq_crazy_yiuf_cottage
D:4:      layout_loops_cross, lemuel_tele_altar
D:5:      layout_gridville, amcnicky_mini_corridor_feature,
          minmay_quadrilaterals
D:6:      layout_basic, mainiacjoe_overflow_alcove_1,
          nicolae_qazlal_style_of_elements, mainiacjoe_overflow_surrounded_room

Skill      XL: |  1  2  3  4  5  6  7  8 |
---------------+-------------------------+-----
Armour         | 2 3 4 |  4.3
Dodging        | 2 3 4 |  4.4
Maces & Flails | 3 4 5 |  5.5
Fighting       | 4 5 6 |  6.2
Shields        | 2 |  2.4

Action                   |  1- 3 |  4- 6 |  7- 9 || total
-------------------------+-------+-------+-------++-------
Melee: Mace              |   121 |   174 |   112 ||   407
       Punch             |     3 |       |     3 ||     6
Invok: Berserk           |       |     6 |     5 ||    11
       Trog's Hand       |       |     2 |     1 ||     3
  Use: Scroll            |       |     5 |       ||     5
Armor: Animal skin       |     9 |       |       ||     9
       Ring mail         |    35 |    57 |    37 ||   129
Dodge: Dodged            |    90 |   108 |    85 ||   283
